 Dungeon Crawl Stone Soup version 0.23-a0-169-gb21e695 (webtiles) character file.

18827 grindst0ne the Markscentaur (level 12, -11/135 HPs)
             Began as a Centaur Hunter on Sept 11, 2018.
             Was a High Priest of Okawaru.
             Hit by a poisoned javelin thrown by a minotaur (24 damage)
             ... in a labyrinth.
             The game lasted 00:32:33 (16847 turns).

grindst0ne the Markscentaur (Centaur Hunter)       Turns: 16847, Time: 00:32:34

Health: -11/135    AC: 15    Str: 15    XL:     12   Next: 31%
Magic:  18/18      EV: 10    Int: 10    God:    Okawaru [*****.]
Gold:   658        SH:  0    Dex: 20    Spells: 11/11 levels left

rFire    . . .     SeeInvis .   a - +3 longbow (freeze)
rCold    . . .     Gourm    .   (shield currently unavailable)
rNeg     . . .     Faith    .   e - +3 scale mail
rPois    +         Spirit   .   k - +0 helmet
rElec    .         Reflect  .   (no cloak)
rCorr    .         Harm     .   y - +0 pair of gloves
MR       .....                  q - +0 centaur barding
Stlth    ++........             j - amulet of magic regeneration
HPRegen  0.32/turn              t - ring of poison resistance
MPRegen  0.41/turn              B - ring of stealth

@: agile, lethally poisoned (-11 -> -13), drained, very quick
A: large, hooves 3, deformed body, speed 2, robust 2, tough skin 3
a: Heroism, Finesse, Renounce Religion


You were in a labyrinth.
You worshipped Okawaru.
Okawaru was extremely pleased with you.
You were hungry.

You visited 2 branches of the dungeon, and saw 14 of its levels.
You also visited: Labyrinth.

You collected 658 gold pieces.

Inventory:

Hand Weapons
 a - a +3 longbow of freezing (weapon)
 b - a +4 dagger
 J - a +1 shortbow
Missiles
 d - 96 arrows (quivered)
 u - a throwing net
Armour
 e - a +3 scale mail (worn)
 k - a +0 helmet (worn)
 q - a +0 centaur barding (worn)
 y - a +0 pair of gloves (worn)
Jewellery
 j - an amulet of magic regeneration (around neck)
 t - a ring of poison resistance (left hand)
 B - a ring of stealth (right hand)
 E - an uncursed ring of resist corrosion {unknown}
Wands
 g - a wand of flame (51)
 i - a wand of iceblast (4)
 w - a wand of disintegration (14)
 z - a wand of paralysis (25)
 G - a wand of random effects (17)
 H - a wand of acid (27)
 M - a wand of scattershot (2)
Scrolls
 c - a scroll of noise
 h - 4 scrolls of remove curse
 o - 3 scrolls of teleportation
 x - a scroll of fear
 D - 2 scrolls of amnesia
 F - a scroll of vulnerability {unknown}
 I - 3 scrolls of enchant weapon
 L - a scroll of summoning {unknown}
 N - a scroll of blinking
 O - a scroll of immolation {unknown}
 Q - a scroll of torment
Potions
 l - 3 potions of flight
 m - 2 potions of mutation
 n - 2 potions of agility
 p - a potion of resistance
 r - 2 potions of lignification
 s - 2 potions of haste
 v - a potion of brilliance
Comestibles
 f - 19 rations


   Skills:
 + Level 12.5(12.3) Fighting
 + Level 16.2(16.0) Bows
 - Level 1.3(1.2) Dodging
 - Level 0.4(0.2) Stealth
 * Level 8.1(7.8) Invocations
 - Level 6.0(5.8) Evocations


You had 11 spell levels left.
You didn't know any spells.
Your spell library contained the following spells:

 Spells                   Type           Power        Failure   Level  Hunger
 Animate Skeleton         Necr           N/A          85%         1    ##.....
 Pain                     Necr           #...         85%         1    ##.....
 Summon Small Mammal      Summ           #...         85%         1    ##.....
 Call Imp                 Summ           #.......     94%         2    ###....
 Call Canine Familiar     Summ           #.......     99%         3    ####...
 Regeneration             Chrm/Necr      #.........   99%         3    ####...
 Summon Guardian Golem    Hex/Summ       #.......     99%         3    ####...
 Vampiric Draining        Necr           #.........   99%         3    ####...
 Animate Dead             Necr           N/A          100%        4    #####..
 Summon Ice Beast         Ice/Summ       #.......     100%        4    #####..
 Summon Lightning Spire   Summ/Air       #.......     100%        4    #####..


Dungeon Overview and Level Annotations

Branches:
Dungeon (13/15)            Temple (1/1) D:4            Lair (0/6) D:8
    Orc (0/2) D:10
 Vaults: D:13-14

Altars:
Ashenzari
Cheibriados
Dithmenos
Elyvilon
Fedhas
Gozag
Hepliaklqana
Kikubaaqudgha
Makhleb
Nemelex Xobeh
Okawaru
Qazlal
Ru
Sif Muna
Trog
Uskayaw
Vehumet
Wu Jian
Xom
Yredelemnul
Zin
The Shining One
Beogh

Shops:
D:9 (

Annotations:
D:11 exclusion: downstairs
D:12 exclusion: downstairs


Innate Abilities, Weirdness & Mutations

You have hooves in place of feet.
Armour fits poorly on your strangely shaped body.
You cover ground very quickly.
You have extremely tough skin. (AC +3)
You are very robust. (+20% HP)


Message History

The minotaur is heavily wounded.
The minotaur throws a poisoned javelin.
The poisoned javelin hits you!
Firing (i - inventory. (/) - cycle)
d - 97 arrows (quivered)
Press: ? - help, Shift-Dir - straight line, f/p - minotaur
Aim: a minotaur, wielding a staff of wizardry, wearing a plate armour and You shoot an arrow.
The arrow hits the minotaur.
The arrow freezes the minotaur.
The minotaur is severely wounded.
The minotaur throws a poisoned javelin.
The poisoned javelin hits you!!
* * * LOW HITPOINT WARNING * * *
The minotaur throws a poisoned javelin.
The poisoned javelin hits you!
* * * LOW HITPOINT WARNING * * *
You are poisoned.
You see here a poisoned javelin.
You feel sick.
You feel sick.
The minotaur throws a poisoned javelin.
The poisoned javelin barely misses you.
Okay, then.
The minotaur throws a poisoned javelin.
The poisoned javelin hits you!!
You die...

#.# ### ###.###
.... #.((H.#
..# ## .###(###
#.. # . #.....#
#.#### .###(###
#.. ...#...#
#..########.###
#(#.#. #.@.# #(
.#.# ###.# #
#.....# ... #
.##### # ####
##(... .. . (
H.# ### .. #.#
.#.# #.#..


You could see a minotaur.

Vanquished Creatures
  Frances (D:12)
  A hydra (D:12)
  2 two-headed ogres
  The ghost of TBriggs11TB the Covert, a novice DsGl of Dithmenos (D:9)
  An unseen horror (D:12)
  An obsidian statue (D:11)
  3 cyclopes
  A deep elf mage (D:13)
  A manticore (D:12)
  A gargoyle (D:13)
  A centaur skeleton (D:11)
  A troll (D:13)
  7 slime creatures
  4 hippogriffs
  9 yaks
  3 wyverns
  2 basilisks
  A hungry ghost (D:8)
  Duvessa (D:5)
  A porcupine (D:8)
  2 sky beasts
  7 ogres
  8 orc warriors
  4 ice beasts
  2 phantoms
  A necrophage (D:7)
  4 centaurs
  4 crocodiles
  A big kobold (D:8)
  9 bullfrogs
  A water moccasin zombie (D:9)
  Dowan (D:5)
  5 scorpions
  4 killer bees (D:12)
  12 wights
  2 howler monkeys
  2 quasits
  A bullfrog zombie (D:9)
  7 crimson imps
  2 centaur zombies
  3 hounds
  5 orc priests
  12 orc wizards
  5 iguanas
  2 jellies
  2 bullfrog skeletons
  Ijyb (D:3)
  Terence (D:2)
  10 worker ants
  A killer bee zombie (D:5)
  2 hound skeletons
  A worker ant zombie (D:8)
  A howler monkey zombie (D:7)
  A howler monkey skeleton (D:9)
  7 gnolls (D:4)
  6 adders
  A shadow imp (D:8)
  2 oozes
  An adder skeleton (D:4)
  3 worms
  A dart slug (D:2)
  4 leopard geckos
  39 orcs
  A ball python (D:1)
  7 giant cockroaches
  5 goblins
  6 hobgoblins
  8 jackals
  7 quokkas
  7 bats
  5 frilled lizards
  9 kobolds
  A quokka skeleton (D:4)
  A quokka zombie (D:6)
  7 rats
297 creatures vanquished.

Vanquished Creatures (others)
  A fungus (D:8)
1 creature vanquished.

Grand Total: 298 creatures vanquished

Notes
Turn   | Place    | Note
-------+----------+-------------------------------------------
     0 | D:1      | grindst0ne the Centaur Hunter began the quest for the Orb.
     0 | D:1      | Reached XP level 1. HP: 17/17 MP: 1/1
   158 | D:1      | Reached XP level 2. HP: 3/25 MP: 2/2
   723 | D:1      | Reached skill level 6 in Bows
   723 | D:1      | Reached XP level 3. HP: 27/30 MP: 3/3
  1584 | D:2      | Noticed Terence
  1600 | D:2      | Killed Terence
  1600 | D:2      | Reached XP level 4. HP: 33/38 MP: 4/4
  2172 | D:3      | Noticed Ijyb
  2185 | D:3      | Killed Ijyb
  2334 | D:3      | Reached skill level 7 in Bows
  2343 | D:3      | Reached XP level 5. HP: 39/46 MP: 5/5
  2591 | D:3      | Found a glowing silver altar of Zin.
  3424 | D:4      | Reached XP level 6. HP: 48/53 MP: 6/6
  3520 | D:4      | Reached skill level 8 in Bows
  3551 | D:4      | Reached skill level 5 in Fighting
  4040 | D:4      | Found a staircase to the Ecumenical Temple.
  4172 | Temple   | Entered the Ecumenical Temple
  4569 | D:5      | Entered Level 5 of the Dungeon
  4615 | D:5      | Noticed a sky beast
  4636 | D:5      | Killed a sky beast
  4636 | D:5      | Reached skill level 1 in Evocations
  4636 | D:5      | Reached XP level 7. HP: 34/61 MP: 6/8
  4703 | D:5      | Noticed Duvessa
  4709 | D:5      | Noticed Dowan
  4855 | D:5      | Killed Duvessa
  4855 | D:5      | Reached skill level 9 in Bows
  5053 | D:5      | Killed Dowan
  5313 | D:5      | Found a hazy altar of Hepliaklqana.
  5559 | D:5      | Found an iron altar of Okawaru.
  5593 | D:5      | Became a worshipper of Warmaster Okawaru
  5642 | D:5      | Found a basalt altar of Yredelemnul.
  5646 | D:5      | Found a bloodstained altar of Trog.
  5646 | D:5      | Found a sparkling altar of Nemelex Xobeh.
  5646 | D:5      | Found a deep blue altar of Sif Muna.
  5898 | D:6      | Reached XP level 8. HP: 68/70 MP: 10/10
  6614 | D:7      | Reached * piety under Okawaru
  6622 | D:7      | Found a burning altar of Makhleb.
  6686 | D:7      | Reached skill level 10 in Bows
  6692 | D:7      | Reached skill level 5 in Evocations
  7635 | D:8      | Reached XP level 9. HP: 79/79 MP: 13/13
  7647 | D:7      | Reached ** piety under Okawaru
  7871 | D:7      | Reached skill level 11 in Bows
  8600 | D:8      | Reached *** piety under Okawaru
  8600 | D:8      | Reached skill level 12 in Bows
  8683 | D:8      | Found a staircase to the Lair.
  8695 | D:8      | Reached XP level 10. HP: 65/91 MP: 14/14
  9348 | D:8      | Found a glowing golden altar of the Shining One.
  9423 | D:8      | Reached **** piety under Okawaru
  9564 | D:9      | Noticed a cyclops
  9580 | D:9      | Killed a cyclops
  9580 | D:9      | Reached skill level 13 in Bows
  9663 | D:9      | Received a gift from Okawaru
  9729 | D:9      | Found Lar Qano's Weapon Shoppe.
  9862 | D:9      | Reached skill level 10 in Fighting
 10090 | D:9      | Found a runed gate.
 10090 | D:9      | Found a runed gate.
 10090 | D:9      | Found a runed gate.
 10096 | D:9      | Noticed TBriggs11TB's ghost (novice DsGl)
 10605 | D:9      | Killed TBriggs11TB's ghost
 10605 | D:9      | Received a gift from Okawaru
 10879 | D:10     | Entered Level 10 of the Dungeon
 10889 | D:10     | Reached skill level 14 in Bows
 10947 | D:10     | Found a staircase to the Orcish Mines.
 10981 | D:10     | Found a roughly hewn altar of Beogh.
 11339 | D:10     | Received a gift from Okawaru
 12128 | D:11     | Reached XP level 11. HP: 92/102 MP: 15/15
 12389 | D:11     | Received a gift from Okawaru
 12462 | D:11     | Reached ***** piety under Okawaru
 12950 | D:11     | Reached skill level 15 in Bows
 13007 | D:11     | Noticed an obsidian statue
 13018 | D:11     | Noticed a sixfirhy
 13096 | D:11     | Killed an obsidian statue
 13644 | D:12     | Noticed a seven-headed hydra
 13720 | D:12     | Noticed Frances
 13913 | D:11     | Reached skill level 1 in Invocations
 14030 | D:11     | Received a gift from Okawaru
 14634 | D:12     | Killed Frances
 14936 | D:12     | Reached skill level 5 in Invocations
 14994 | D:12     | Killed an unseen horror
 14994 | D:12     | Received a gift from Okawaru
 15023 | D:12     | Received a gift from Okawaru
 15429 | D:12     | Killed a seven-headed hydra
 15429 | D:12     | Reached XP level 12. HP: 107/112 MP: 16/16
 15435 | D:12     | HP: 5/112 [cyclops/large rock (23)]
 15440 | D:12     | Reached skill level 16 in Bows
 15496 | D:12     | Noticed a two-headed ogre
 15827 | D:12     | Killed a two-headed ogre
 16240 | D:13     | Noticed a two-headed ogre
 16245 | D:13     | Killed a two-headed ogre
 16247 | D:13     | Noticed a two-headed ogre
 16419 | D:13     | Found a labyrinth entrance.
 16431 | Lab      | Entered a labyrinth
 16479 | Lab      | Noticed a minotaur
 16495 | Lab      | Gained mutation: You are robust. (+10% HP) [potion of
                  | mutation]
 16495 | Lab      | Gained mutation: You are very robust. (+20% HP) [potion of
                  | mutation]
 16847 | Lab      | Hit by a poisoned javelin thrown by a minotaur

Vault maps used:
D:1:      minmay_arrival_split_and_join
D:2:      first_ration, uniq_terence
D:3:      old_standard_altar, grunt_ministairs_1, uniq_ijyb
D:4:      minmay_temple_entry_butterflies, eino_tiny_chamber
D:5:      minitemple, kennysheep_mini_moat, overflow_temple_1_default,
          uniq_duvessa
D:7:      nicolae_overflow_crystal_walls
D:8:      minmay_curly_fans, kennysheep_little_box, minmay_lair_entry_grove,
          enter_bailey_3
D:9:      serial_shops, nicolae_shop_temple_entry_statues_fountains,
          gammafunk_ghost_split
D:10:     minmay_orc_entry_temple_small
D:11:     minmay_separated_statues
D:12:     uniq_frances
D:13:     lab_entry_generic
Temple:   nicolae_temple_figure_eight
Lab:      nicolae_lab_dead_adventurers, nicolae_lab_diamond,
          nicolae_lab_dead_end, nicolae_lab_quarters, nicolae_lab_blocks,
          nicolae_lab_arrow, nicolae_lab_stuck, lab_statue

Skill      XL: |  1  2  3  4  5  6  7  8  9 10 11 12 |
---------------+-------------------------------------+-----
Bows           | 6 7 8 9 10 12 14 15 16 | 16.2
Fighting       | 3 4 5 6 7 9 11 12 | 12.5
Evocations     | 1 3 5 6 |  6.0
Invocations    | 6 8 |  8.1
Dodging        | |  1.3
Stealth        | |  0.4

Action                   |  1- 3 |  4- 6 |  7- 9 | 10-12 || total
-------------------------+-------+-------+-------+-------++-------
Melee: Short sword       |    64 |       |       |       ||    64
       Kick              |    23 |    45 |    67 |    13 ||   148
       Dagger            |    57 |   232 |   203 |    42 ||   534
 Fire: Shortbow          |     5 |     6 |   283 |   652 ||   946
       Longbow           |       |       |       |   166 ||   166
Invok: Heroism           |       |       |       |     1 ||     1
       Finesse           |       |       |       |     1 ||     1
Evoke: Wand              |       |       |       |     8 ||     8
  Use: Scroll            |       |     5 |     3 |    12 ||    20
       Potion            |       |     1 |     2 |    11 ||    14
  Eat: Chunk             |     1 |     7 |     8 |    10 ||    26
       Ration            |       |       |     1 |     3 ||     4
Armor: Leather armour    |    12 |       |       |       ||    12
       Scale mail        |    54 |   157 |   279 |   179 ||   669
       Skin              |       |    14 |       |       ||    14
Dodge: Dodged            |    45 |    48 |    94 |    51 ||   238

Table legend:
 A = Non-vault XP
 B = Vault XP
 C = Vault XP percentage of total XP
 D = Non-vault monster count
 E = Vault monster count
 F = Vault count percentage of total count
                 A         B        C        D         E       F
            +---------+---------+-------+---------+---------+-------
      Total |   19872 |    7025 |  26.1 |     256 |      41 |  13.8
            +---------+---------+-------+---------+---------+-------
        D:1 |      51 |       0 |   0.0 |      27 |       0 |   0.0
        D:2 |      46 |      36 |  43.9 |      17 |       1 |   5.6
        D:3 |      68 |      50 |  42.4 |      11 |       3 |  21.4
        D:4 |     417 |       0 |   0.0 |      25 |       0 |   0.0
        D:5 |     471 |     229 |  32.7 |      10 |       2 |  16.7
        D:6 |     502 |       0 |   0.0 |      10 |       0 |   0.0
        D:7 |    1326 |     145 |   9.9 |      22 |       2 |   8.3
        D:8 |    1373 |    1656 |  54.7 |      23 |      15 |  39.5
        D:9 |     819 |    1881 |  69.7 |      14 |       8 |  36.4
       D:10 |     561 |     137 |  19.6 |      12 |       8 |  40.0
       D:11 |    5392 |     655 |  10.8 |      38 |       1 |   2.6
       D:12 |    6016 |    2236 |  27.1 |      35 |       1 |   2.8
       D:13 |    2830 |       0 |   0.0 |      12 |       0 |   0.0
            +---------+---------+-------+---------+---------+-------
